Map: [G8] Gresvan

Players

ByuN

  • Race: Terran Terran
  • Spawn Location: 11:00

Dark - Winner!

  • Race: Zerg Zerg
  • Spawn Location: 5:00

VOD

Have the link to the VOD?

Description

Time

  • Played on: Aug. 4, 2023, 1:47 p.m.
  • Length: 21:10
Show
View Real Time Build Order
Export as new Build Order

ByuN Terran 

Build Orders:  

Get SALT Encoding   

  12  0:00  SCV  
  13  0:12  SCV  
  14  0:17  Supply Depot  
  14  0:24  SCV  
  15  0:39  SCV, Barracks  
  16  0:43  Refinery  
  16  0:51  SCV  
  17  0:59  Barracks  
  17  1:03  SCV  
  18  1:15  SCV  
  19  1:26  Reaper  
  19  1:28  Orbital Command  
  19  1:31  Supply Depot  
  20  1:46  Reaper  
  21  1:54  SCV  
  22  2:03  Reaper  
  22  2:06  SCV  
  24  2:10  Command Center  
  24  2:18  SCV  
  24  2:19  Refinery  
  25  2:30  SCV  
  26  2:42  Factory, SCV  
  27  2:54  SCV  
  27  2:57  Command Center  
  28  3:02  Barracks Reactor, Barracks Tech Lab  
  28  3:06  SCV  
  29  3:18  SCV  
  30  3:22  Orbital Command  
  30  3:26  Starport  
  30  3:27  Factory Tech Lab  
  30  3:30  SCV  
  30  3:33  Marine  
  32  3:38  Marine x2  
  34  3:43  SCV, Stimpack  
  35  3:48  SCV  
  35  3:51  Marine  
  35  3:55  SCV  
  38  4:00  SCV, Marine x2  
  41  4:07  SCV  
  42  4:10  Marine  
  42  4:12  SCV  
  42  4:13  Orbital Command  
  46  4:17  Factory Reactor, Raven  
  46  4:19  SCV  
  46  4:21  Refinery  
  46  4:23  Marine  
  46  4:24  Marine  
  49  4:25  SCV  
  49  4:28  Supply Depot, Marine  
  49  4:31  SCV  
  52  4:37  SCV  
  53  4:40  SCV  
  53  4:41  Marine x2  
  53  4:43  SCV  
  53  4:45  Supply Depot  
  57  4:46  Marine  
  57  4:49  SCV  
  60  4:52  SCV  
  60  4:55  SCV  
  60  4:59  Marine x2  
  61  5:01  SCV  
  61  5:04  Marine  
  61  5:05  SCV  
  61  5:07  Medivac x2, SCV  
  66  5:09  Engineering Bay  
  66  5:12  Engineering Bay  
  66  5:13  SCV  
  69  5:16  Supply Depot, Refinery  
  69  5:18  Orbital Command  
  69  5:21  Siege Tank  
  73  5:22  Marine x2  
  73  5:24  Marine  
  73  5:25  Combat Shield  
  73  5:27  SCV x2  
  77  5:40  SCV  
  77  5:42  Starport Reactor, Marine x2  
  78  5:43  Marine, Barracks  
  78  5:45  SCV x2  
  78  5:46  Barracks x2  
  78  5:48  Terran Infantry Weapons Level 1  
  83  5:51  Terran Infantry Armor Level 1  
  83  5:55  SCV  
  84  5:57  SCV  
  84  6:00  Supply Depot  
  84  6:02  Supply Depot  
  84  6:03  Supply Depot  
  85  6:04  SCV  
  85  6:07  Siege Tank  
  89  6:11  Marine x3  
  89  6:14  SCV  
  93  6:18  Supply Depot  
  93  6:20  Armory  
  93  6:22  SCV x2  
  95  6:26  SCV  
  95  6:29  Marine x3  
  97  6:34  Barracks Reactor x2, SCV x2  
  97  6:35  Marine  
  97  6:39  Siege Tank, SCV  
  103  6:46  SCV x2  
  103  6:47  Marine  
  105  6:48  Supply Depot  
  105  6:49  Supply Depot  
  105  6:51  SCV, Marine  
  105  6:52  Marine x2  
  105  6:53  Marine  
  111  6:57  Medivac x2  
  111  6:58  SCV x2  
  115  7:05  Refinery  
  115  7:06  Factory  
  115  7:09  Marine x2  
  115  7:10  Marine x4  
  115  7:13  Supply Depot, SCV x3  
  123  7:16  Siege Tank  
  126  7:28  Marine x8  
  134  7:32  Marine  
  135  7:38  Command Center  
  135  7:41  Drilling Claws  
  135  7:42  Terran Vehicle And Ship Armor Level 1  
  135  7:51  Marine x6  
  135  7:52  Marine x3  
  135  7:57  Orbital Command  
  147  8:06  Widow Mine, Factory Reactor  
  147  8:09  Marine x3  
  147  8:12  Marine x2  
  149  8:16  Factory Reactor  
  149  8:17  Marine x4  
  139  8:20  SCV  
  139  8:23  SCV x2  
  134  8:27  Barracks, Marine x2  
  134  8:28  Barracks  
  134  8:30  Barracks  
  134  8:32  SCV  
  130  8:35  SCV x2  
  130  8:41  Terran Infantry Armor Level 2, Terran Infantry Weapons Level 2  
  131  8:44  SCV  
  131  8:47  SCV x2  
  131  8:48  Marine x6  
  134  8:49  Marine  
  134  8:54  Widow Mine  
  134  8:55  Widow Mine  
  143  8:56  Widow Mine, SCV  
  143  8:59  Medivac x2, SCV x2  
  152  9:06  Marauder, Marine x2  
  156  9:15  Supply Depot  
  156  9:16  Supply Depot, Orbital Command  
  156  9:17  Supply Depot  
  156  9:26  Barracks Tech Lab x3  
  156  9:29  Supply Depot x2, Marine  
  156  9:30  SCV x2  
  156  9:31  Supply Depot  
  156  9:35  SCV  
  156  9:37  Medivac x2  
  160  9:41  Marauder, Marine  
  160  9:42  SCV, Marine x5  
  160  9:43  SCV  
  160  9:44  SCV  
  168  9:47  SCV  
  169  9:54  SCV  
  169  9:55  Concussive Shells, SCV, Marauder x2  
  169  9:56  SCV  
  169  9:59  SCV  
  177  10:03  Widow Mine x2  
  177  10:06  SCV  
  182  10:07  SCV  
  182  10:08  Sensor Tower, SCV  
  182  10:12  Sensor Tower  
  182  10:14  Medivac x2  
  180  10:22  Marauder x3  
  180  10:23  Marauder, Marine x3  
  180  10:25  Marine  
  180  10:26  Marine x4  
  181  10:28  Widow Mine  
  181  10:29  Widow Mine x2  
  180  10:41  Marine  
  180  10:42  Command Center  
  179  10:47  Marauder  
  179  10:48  Marauder x3, Marine x3  
  179  10:49  Marine x3  
  190  10:53  Medivac  
  192  11:06  Marine x2  
  182  11:15  Marauder x2, Marine  
  182  11:16  Marine x4  
  181  11:18  Medivac  
  181  11:20  Terran Infantry Armor Level 3, Terran Infantry Weapons Level 3  
  181  11:21  SCV  
  181  11:22  SCV, Missile Turret  
  181  11:23  Medivac  
  181  11:24  SCV  
  173  11:26  Marine  
  173  11:30  Widow Mine x3  
  178  11:35  Marauder x2  
  178  11:36  Marine  
  178  11:38  Marine  
  178  11:39  Marine x5  
  189  11:41  Marine x2  
  191  11:52  Widow Mine x3  
  191  11:57  Marine  
  191  11:59  Marauder, Marine x2  
  191  12:01  Orbital Command  
  180  12:03  Marauder x2  
  180  12:05  Marauder  
  157  12:13  Widow Mine x3  
  151  12:16  Marine x2  
  151  12:21  Marauder  
  151  12:22  Medivac x2  
  145  12:23  SCV x2  
  145  12:24  Marauder x2  
  145  12:27  SCV  
  145  12:28  Marine  
  145  12:29  Marine  
  133  12:30  Marine x2  
  133  12:34  Widow Mine  
  133  12:35  Marine  
  135  12:40  SCV  
  135  12:41  SCV  
  135  12:43  SCV x2  
  139  12:52  Marauder x3  
  139  12:53  SCV  
  145  13:02  Marauder  
  145  13:03  Marine  
  145  13:04  Marine  
  145  13:05  Marine  
  150  13:13  Marauder x3  
  150  13:15  SCV x2  
  150  13:19  Medivac x2  
  161  13:22  Widow Mine x2  
  161  13:23  Marauder, Marine  
  161  13:24  Marine  
  161  13:25  Marine  
  170  13:34  SCV x3, Marauder  
  170  13:35  SCV, Marauder, Marine  
  170  13:36  Marine x2  
  170  13:39  Marine x2  
  170  13:40  Marine  
  184  13:44  Marauder, Marine x3  
  184  13:45  Widow Mine  
  181  13:51  Widow Mine  
  181  13:53  Marine  
  181  13:54  Marine x2  
  185  13:55  Marine  
  185  13:56  Marauder  
  185  13:57  Marine x2  
  185  13:58  Marine  
  185  14:02  Marine x3  
  184  14:05  Medivac, Marine  
  185  14:11  Marine x2  
  185  14:12  Marine  
  185  14:14  Marauder  
  185  14:15  Marine  
  185  14:16  Marauder  
  192  14:18  SCV x4  
  196  14:26  Marine x4  
  196  14:34  Marauder x2  
  185  14:46  Marauder, Marine  
  185  14:47  Marauder  
  185  14:48  Marine x2  
  185  14:49  Marine x5  
  185  14:52  Widow Mine  
  197  14:55  Marine  
  171  15:05  Marauder  
  156  15:08  Widow Mine x2  
  156  15:13  Widow Mine, Marauder x3, Marine  
  169  15:16  Marine x2  
  169  15:17  Marine  
  154  15:21  Marine  
  154  15:22  Marine x3  
  154  15:25  SCV  
  154  15:26  SCV  
  160  15:30  Widow Mine x2  
  160  15:31  Marine  
  160  15:32  Marine  
  160  15:33  Marine  
  160  15:34  Marine x2  
  168  15:40  Marauder x2  
  172  15:47  Widow Mine, Marine x5  
  172  15:49  Marine  
  180  15:51  Planetary Fortress, Widow Mine  
  180  15:56  Medivac  
  174  15:59  Orbital Command  
  173  16:05  Marine  
  174  16:16  Marine x2  
  174  16:17  Marine  
  155  16:21  Marauder x4, Marine x2  
  155  16:23  Marine x2  
  155  16:25  Marine  
  162  16:28  Widow Mine x3  
  168  16:38  Marine x2  
  159  16:42  Marauder  
  159  16:43  Marauder  
  159  16:46  Marauder  
  159  16:47  Marauder  
  161  16:48  Marine x3  
  154  17:03  Orbital Command  
  154  17:04  Marauder x2  
  154  17:06  Widow Mine x2  
  154  17:08  Marauder x2  
  166  17:11  Marine  
  164  17:18  Widow Mine  
  164  17:27  Widow Mine  
  164  17:28  Marauder x2  
  164  17:29  Marine x5  
  145  17:30  Marine  
  145  17:32  Marine  
  135  17:37  Marauder  
  135  17:42  Widow Mine  
  133  17:44  Marauder  
  133  17:50  Marauder  
  132  17:51  Marine  
  132  17:52  Marine  
  132  17:54  Marauder  
  132  17:55  SCV x2  
  138  17:59  Marine x4  
  138  18:06  Marauder x2  
  138  18:11  Marauder  
  144  18:19  Marauder  
  138  18:20  Marine x2  
  138  18:21  Marine x5  
  138  18:24  Medivac x2  
  149  18:28  Widow Mine x2, Marauder  
  149  18:29  Marine x2  
  157  18:37  Marauder  
  157  18:40  Marine x4  
  157  18:41  Marauder  
  161  18:42  Marine  
  161  18:44  Marine x2  
  161  18:46  SCV  
  161  18:47  SCV  
  161  18:48  SCV  
  167  18:49  Widow Mine x2  
  171  18:58  SCV x2  
  172  19:03  Marauder  
  172  19:05  Marauder  
  168  19:10  Widow Mine  
  168  19:11  Widow Mine  
  167  19:18  Marine x2  
  143  19:25  Marauder x2, Marine x2  
  143  19:27  Marine x2  
  108  19:32  Widow Mine x2  
  108  19:33  Marauder  
  108  19:34  Marauder  
  110  19:46  Marauder  
  110  19:47  Marauder  
  110  19:51  Liberator x2  
  119  19:53  Widow Mine x2  
  119  19:55  Marauder  
  123  20:08  Marauder x3  
  123  20:13  Marine x2  
  123  20:14  Marine  
  132  20:15  Widow Mine x2  
  132  20:16  Marauder  
  119  20:24  Marine x3  
  119  20:25  Marine x2  
  110  20:29  Marauder x2  
  110  20:30  Marauder  
  110  20:35  Marine x2  
  108  20:36  Widow Mine, Marine  
  108  20:38  Marauder  
Show
View Real Time Build Order
Export as new Build Order

Dark Zerg - Winner!

Build Orders: Hatch First 

Get SALT Encoding   

  12  0:00  Drone  
  13  0:11  Overlord  
  13  0:16  Drone  
  14  0:30  Drone x2  
  16  0:48  Hatchery  
  15  0:50  Drone  
  15  0:53  Drone  
  15  0:57  Drone  
  18  1:07  Extractor  
  17  1:12  Spawning Pool  
  17  1:15  Drone  
  17  1:18  Drone  
  18  1:30  Drone  
  19  1:40  Drone  
  20  1:49  Drone  
  21  2:00  Queen x2  
  21  2:01  Zergling x4  
  27  2:12  Zergling x2  
  27  2:13  Overlord  
  28  2:20  Hatchery  
  27  2:23  Drone  
  28  2:31  Drone  
  28  2:32  Drone x2  
  31  2:37  Queen  
  33  2:48  Overlord  
  33  2:53  Drone  
  33  2:57  Overlord  
  34  2:58  Metabolic Boost  
  34  3:01  Drone  
  35  3:08  Drone  
  35  3:09  Drone  
  37  3:13  Drone x3  
  37  3:16  Queen  
  42  3:22  Overlord  
  42  3:24  Drone  
  43  3:32  Overlord, Queen  
  45  3:35  Drone  
  46  3:44  Drone x2  
  48  3:49  Queen  
  48  3:51  Drone  
  48  3:52  Queen  
  53  3:56  Drone x2  
  53  3:58  Drone  
  53  4:01  Drone x2  
  53  4:02  Drone  
  59  4:06  Drone x2  
  59  4:09  Drone x2  
  63  4:17  Drone  
  63  4:20  Drone x3  
  63  4:23  Baneling Nest, Extractor  
  63  4:24  Extractor  
  64  4:25  Zergling x8  
  64  4:27  Zergling x4  
  64  4:28  Drone  
  71  4:37  Drone x2  
  71  4:38  Drone  
  73  4:40  Overlord  
  73  4:46  Overlord  
  73  4:53  Overlord  
  73  4:55  Zergling x2  
  73  4:56  Lair  
  73  4:57  Overlord  
  74  5:01  Zergling x4  
  74  5:06  Zergling x8  
  80  5:07  Evolution Chamber, Drone x2  
  80  5:11  Drone x2  
  85  5:14  Zergling x6  
  85  5:18  Drone  
  85  5:20  Evolution Chamber  
  86  5:23  Drone x2  
  86  5:27  Drone  
  88  5:34  Drone x4  
  93  5:35  Drone  
  93  5:37  Drone  
  93  5:38  Hatchery  
  93  5:42  Hatchery  
  91  5:47  Spore Crawler  
  91  5:52  Zergling x14  
  91  5:53  Zerg Ground Armor Level 1, Zerg Melee Weapons Level 1  
  91  5:55  Centrifugal Hooks  
  98  5:58  Extractor  
  98  5:59  Baneling x5  
  97  6:05  Overlord  
  97  6:07  Zergling x10  
  102  6:16  Infestation Pit  
  101  6:19  Zergling x2  
  101  6:20  Zergling x8  
  101  6:21  Baneling x3  
  101  6:25  Drone  
  106  6:27  Drone x4  
  106  6:32  Drone x3  
  111  6:40  Zergling x4  
  111  6:41  Overlord x2  
  111  6:45  Overlord  
  112  6:48  Overlord  
  112  6:52  Drone x3  
  112  6:57  Zergling x4  
  112  7:01  Zergling x10  
  118  7:03  Hive  
  118  7:06  Hatchery  
  117  7:09  Zergling x10  
  117  7:10  Baneling x2  
  117  7:11  Baneling  
  117  7:14  Drone x2  
  124  7:16  Drone  
  124  7:19  Zergling x2  
  124  7:20  Baneling x2  
  124  7:21  Baneling x3  
  124  7:22  Zergling x6  
  129  7:25  Zergling x2  
  129  7:27  Burrow  
  129  7:28  Drone  
  129  7:29  Extractor  
  130  7:31  Drone  
  130  7:36  Drone x2  
  130  7:37  Drone x2  
  133  7:38  Drone x2  
  133  7:39  Baneling x4  
  133  7:40  Baneling, Zergling x2  
  137  7:44  Hatchery, Zergling x4  
  137  7:45  Baneling x2  
  137  7:46  Baneling  
  137  7:47  Baneling x2  
  138  7:51  Zergling x6  
  140  7:58  Zergling x20  
  140  8:03  Baneling x3  
  149  8:07  Overlord x2  
  149  8:08  Overlord  
  149  8:11  Overlord x2  
  146  8:14  Zergling x6  
  135  8:21  Zergling x14  
  137  8:29  Ultralisk Cavern  
  137  8:31  Zergling x24  
  141  8:35  Drone  
  139  8:42  Drone x3  
  139  8:45  Hatchery  
  141  8:50  Baneling x4  
  141  8:52  Adrenal Glands  
  141  8:53  Viper  
  144  8:56  Viper  
  144  8:57  Drone x2  
  144  8:58  Drone x4  
  144  8:59  Zergling x18  
  144  9:01  Zergling x4  
  164  9:08  Zerg Melee Weapons Level 2  
  164  9:10  Drone  
  164  9:15  Hatchery, Zergling x2  
  164  9:16  Zergling x12  
  171  9:26  Zerg Ground Armor Level 2  
  162  9:32  Zergling x32  
  175  9:43  Zergling x20  
  179  9:51  Pathogen Glands  
  179  9:53  Chitinous Plating  
  179  9:56  Zergling x12  
  185  10:00  Zergling x6  
  185  10:05  Zergling x20  
  195  10:08  Drone  
  174  10:23  Zergling x14  
  177  10:29  Ultralisk x2  
  177  10:30  Zergling x2  
  177  10:32  Baneling, Ultralisk  
  196  10:35  Zergling x10  
  196  10:37  Baneling  
  196  10:38  Baneling x2  
  196  10:39  Spore Crawler, Drone  
  196  10:41  Baneling x2  
  198  10:44  Zergling x4  
  198  10:46  Zergling x6  
  199  10:52  Spore Crawler, Drone  
  199  10:54  Baneling  
  199  10:55  Overseer x3  
  198  10:58  Baneling x2  
  198  10:59  Drone x3  
  198  11:01  Zergling x4, Spore Crawler  
  198  11:02  Zergling x2  
  198  11:03  Zergling x2  
  185  11:13  Zergling x16  
  185  11:14  Zergling x30  
  197  11:19  Nydus Network  
  197  11:22  Drone x3  
  197  11:23  Zergling x4  
  198  11:28  Baneling x2  
  198  11:31  Zergling x4, Zerg Melee Weapons Level 3  
  200  11:37  Baneling x5  
  198  11:50  Zergling x30  
  188  11:57  Nydus Canal  
  188  11:58  Zergling x2, Ultralisk  
  188  11:59  Zergling x24  
  186  12:03  Zergling x6  
  170  12:11  Zergling x2  
  170  12:12  Baneling x2  
  170  12:13  Zergling x4  
  170  12:14  Zergling x4  
  128  12:24  Zergling x34  
  128  12:26  Ultralisk  
  128  12:27  Zergling x2  
  128  12:28  Zergling x4  
  142  12:30  Ultralisk  
  142  12:31  Zergling x4  
  142  12:36  Drone  
  144  12:38  Drone x3  
  144  12:42  Zergling x6  
  144  12:43  Pneumatized Carapace  
  150  12:46  Nydus Canal  
  150  12:47  Zergling x2  
  150  12:49  Zergling x6  
  151  12:59  Zerg Ground Armor Level 3  
  151  13:00  Zergling x20  
  151  13:03  Zergling x4  
  151  13:04  Zergling x2  
  159  13:07  Zergling x4  
  159  13:08  Zergling x2  
  162  13:14  Drone  
  162  13:15  Hatchery, Ultralisk  
  162  13:16  Zergling x4  
  163  13:22  Drone x4  
  163  13:23  Infestor  
  163  13:24  Zergling x22, Extractor x2  
  175  13:32  Zergling x12  
  175  13:34  Drone x3  
  184  13:35  Drone  
  184  13:36  Baneling  
  184  13:37  Baneling x8  
  171  13:49  Nydus Canal  
  171  13:50  Zergling x18  
  171  13:51  Zergling x2  
  171  13:54  Zergling x2  
  173  13:59  Zergling x20, Ultralisk  
  173  14:01  Zergling x4  
  171  14:06  Overlord  
  171  14:11  Zergling x2  
  171  14:12  Zergling x6  
  171  14:13  Zergling x6  
  171  14:14  Zergling x2  
  171  14:15  Infestor  
  171  14:16  Zergling x2  
  179  14:18  Baneling x5  
  179  14:20  Infestor  
  178  14:24  Zergling x12  
  178  14:26  Drone x5  
  178  14:31  Zergling x20  
  191  14:45  Zergling x30  
  193  14:49  Baneling x7  
  172  15:01  Zergling x26  
  172  15:03  Nydus Canal  
  177  15:10  Zergling x2  
  171  15:18  Zergling x26, Ultralisk x2  
  192  15:22  Overlord x2  
  191  15:30  Overlord  
  191  15:34  Infestor  
  189  15:37  Anabolic Synthesis  
  189  15:41  Baneling x2, Hatchery  
  189  15:42  Baneling x3  
  187  15:45  Nydus Canal  
  180  15:52  Zergling x28  
  180  15:56  Zergling x2  
  194  15:58  Overseer x2, Overlord x2  
  194  15:59  Zergling x2  
  194  16:00  Zergling x10  
  195  16:06  Zergling x6  
  195  16:08  Nydus Canal  
  194  16:16  Zergling x18  
  194  16:17  Zergling x6  
  194  16:21  Zergling x8  
  194  16:24  Hatchery  
  197  16:29  Zergling x4  
  181  16:44  Ultralisk  
  169  16:48  Zergling x30  
  169  16:51  Drone  
  182  16:55  Zergling x10, Hatchery  
  182  16:58  Infestor x3  
  182  17:01  Zergling x4  
  189  17:02  Zergling x2  
  189  17:06  Baneling x5  
  189  17:08  Zergling x6  
  193  17:09  Zergling x2  
  193  17:10  Drone x2  
  193  17:14  Zergling x2  
  173  17:25  Zergling x14  
  173  17:28  Ultralisk  
  173  17:29  Zergling x4  
  165  17:30  Zergling x2  
  165  17:33  Ultralisk  
  165  17:36  Infestor x2  
  164  17:37  Zergling x2  
  164  17:39  Zergling x4  
  164  17:40  Nydus Canal  
  164  17:42  Zergling x4  
  162  17:44  Zergling x4  
  162  17:47  Zergling x4  
  162  17:50  Zergling x4  
  166  17:52  Infestor x3  
  166  17:53  Infestor  
  166  17:55  Zergling x2  
  166  17:57  Overseer x2  
  173  18:01  Zergling x6  
  173  18:02  Zergling x6  
  179  18:10  Zergling x2  
  169  18:21  Zergling x22  
  169  18:23  Zergling x2  
  179  18:30  Infestor x4  
  185  18:36  Zergling x20  
  185  18:37  Zergling x2  
  185  18:40  Zergling x4, Spore Crawler  
  196  18:42  Zergling x4  
  196  18:44  Zergling x4  
  196  18:47  Zerg Missile Weapons Level 1, Overseer x2  
  199  18:54  Baneling x5  
  199  19:04  Hatchery  
  198  19:11  Zergling x2  
  163  19:29  Ultralisk  
  163  19:30  Ultralisk  
  158  19:32  Zergling x44  
  168  19:44  Zergling x14  
  169  19:46  Zergling x2  
  169  19:49  Infestor x8  
  169  19:51  Ultralisk  
  169  19:52  Ultralisk  
  180  19:55  Ultralisk  
  180  19:56  Zergling x2  
  180  19:57  Zergling x8  
  191  20:06  Overseer, Baneling x2  
  191  20:10  Zergling x2  
  191  20:13  Zergling x2  
  188  20:19  Drone x3  
  188  20:20  Zergling x24  
  187  20:28  Zergling x18  
  183  20:48  Zergling x30  
  178  21:04  Spore Crawler  
Tags
 
Matchup
TvZ
Player
ByuNDark
Spawn Locations
Cross Positions
Add a new tag
Caveats
  • Supply blocks, unpowered buildings, or Contaminate may cause inaccurate times.
  • Supply counts are checked every 10 seconds.